 Dungeon Crawl Stone Soup version 0.31-a0-986-g5e6e4ef867 (webtiles) character file.

Game seed: 3957559621745546299

100 IdlyInterested the Vexing (level 4, -3/35 HPs)
             Began as a Demonspawn Wanderer on Nov 17, 2023.
             Slain by Menkaure (17 damage)
             ... on level 4 of the Dungeon.
             The game lasted 00:07:25 (2741 turns).

IdlyInterested the Vexing (Demonspawn Wanderer)     Turns: 2741, Time: 00:07:26

Health: -3/35      AC: 15    Str: 12    XL:     4   Next: 47%
Magic:  7/7        EV:  8    Int: 18    God:
Gold:   115        SH:  5    Dex: 10    Spells: 7/7 levels left

rFire   . . .        s - +0 quarterstaff
rCold   . . .        (shield currently unavailable)
rNeg    . . .        e - +0 scale mail
rPois   .            (no helmet)
rElec   .            l - +1 cloak
rCorr   .            u - +0 pair of gloves
SInv    .            (no boots)
Will    .....        i - amulet of reflection Stlth
                     (no ring)
HPRegen 0.25/turn    (no ring)
MPRegen 0.10/turn

%: reflection
@: sanguine armoured
A: foul stench 1, sanguine armour 1
a: no special abilities


You were on level 4 of the Dungeon.
You visited 1 branch of the dungeon, and saw 4 of its levels.

You collected 115 gold pieces.

Inventory:

Hand Weapons
 f - a +0 falchion
 j - a +0 long sword
 m - a +0 hand axe
 q - a +2 dagger of draining
 s - a +0 quarterstaff (weapon)
 v - a +0 spear
Missiles
 k - 17 stones (quivered)
Armour
 c - a +0 robe
 e - a +0 scale mail (worn)
 l - a +1 cloak (worn)
 p - a +0 chain mail
 u - a +0 pair of gloves (worn)
Jewellery
 i - an amulet of reflection (around neck)
Wands
 d - a wand of polymorph (7)
Scrolls
 a - a scroll of revelation {unknown}
 b - a scroll of teleportation
 h - 2 scrolls of enchant armour {unknown}
 n - 3 scrolls of identify {unknown}
Potions
 g - 3 potions of curing
 o - a potion of attraction {unknown}
 r - a potion of haste {unknown}
 t - a potion of lignification {unknown}
 w - a potion of berserk rage {unknown}


   Skills:
 - Level 3.0 Fighting
 - Level 1.0 Throwing
 - Level 1.0 Armour
 + Level 1.0 Dodging
 - Level 1.0 Stealth
 * Level 2.4 Spellcasting
 - Level 2.0 Conjurations
 - Level 3.0 Hexes
 - Level 2.0 Evocations


You had 7 spell levels left.
You didn't know any spells.
Your spell library contained the following spells:

 Spells                   Type           Power      Damage    Failure   Level
 Slow                     Hex            52%        N/A       26%         1
 Jinxbite                 Hex            26%        N/A       38%         2
 Kiss of Death            Conj/Necr      20%        2d7       52%         1
 Dazzling Flash           Conj/Hex       22%        N/A       69%         3
 Leda's Liquefaction      Hex/Erth       3%         N/A       99%         4


Dungeon Overview and Level Annotations

Branches:
Dungeon (4/15)
 Temple: D:4-7

Altars:
Cheibriados
Gozag
Xom

Shops:
D:2 ?

Annotations:
D:4 Menkaure


Innate Abilities, Weirdness & Mutations

You may rarely emit foul miasma when damaged in melee.
When seriously injured, your blood forms armour. (AC +6)


Message History

There is an open door here.
You open the door.
Found a snail-covered altar of Cheibriados.
There is an open door here.
You open the door.
Found a shimmering altar of Xom.
As you open the door, it creaks loudly!
Found an opulent altar of Gozag.
There is an open door here.
There is an open door here.
You see here a +0 club.
w - a white potion Done exploring.
Done exploring.
There is an escape hatch in the floor here.
Okay, then.
You slide downwards.
The hatch slams shut behind you.
Found 3 scrolls labelled LUAWICAEPT and 15 gold pieces.
Found an escape hatch in the floor.
You now have enough gold to buy a scroll of brand weapon on D:2.
You can access your shopping list by pressing '$'.
You now have 115 gold pieces (gained 15).
Menkaure, Prince of Dust comes into view.
Menkaure shouts!
You see here 3 scrolls labelled LUAWICAEPT.
Menkaure points at you and mumbles some strange words.
Pain shoots through your body! You block Menkaure's attack.
You closely miss Menkaure. Menkaure closely misses you.
You thump Menkaure!
Menkaure is moderately damaged.
Menkaure casts a spell.
Menkaure seems to speed up.
You hit Menkaure but do no damage.
Menkaure is moderately damaged.
Menkaure hits you!
Your blood congeals into armour.
You thump Menkaure!
Menkaure is heavily damaged.
Menkaure hits you!
You die...

###..#...# .#....
...###. ## ... .##.....
#### ... ..##.#...# ....
...# #...#..#### #..
....##......##.##M###...
#...............@......#
###..........?...###..##
##........>....#
###..........##
#........#### ##.......#
#........# #...........
............


You could see Menkaure (fast).

Vanquished Creatures
  3 adders
  2 dart slugs
  3 orcs (D:2)
  5 ball pythons
  9 endoplasms
  A giant cockroach (D:1)
  8 goblins
  4 hobgoblins
  3 jackals (D:3)
  2 quokkas (D:2)
  4 bats
  4 frilled lizards
  6 kobolds
  7 rats
61 creatures vanquished.

Notes
Turn   | Place    | Note
-------+----------+-------------------------------------------
     0 | D:1      | IdlyInterested the Demonspawn Wanderer began the quest for
                  | the Orb.
     0 | D:1      | IdlyInterested set off with the following items: a +0 club,
                  | a scroll of teleportation, a +0 robe, a wand of polymorph
                  | (7); and the following spells available to memorise: Slow,
                  | Jinxbite, Kiss of Death, Dazzling Flash, Leda's
                  | Liquefaction.
     0 | D:1      | Reached XP level 1. HP: 13/13 MP: 3/3
   105 | D:1      | Reached skill level 1 in Fighting
   135 | D:1      | Gained mutation: You may rarely emit foul miasma when
                  | damaged in melee. [demonic ancestry]
   135 | D:1      | Reached XP level 2. HP: 21/21 MP: 5/5
   515 | D:1      | Reached skill level 1 in Dodging
  1002 | D:2      | Reached XP level 3. HP: 23/27 MP: 6/6
  1307 | D:2      | Reached skill level 1 in Stealth
  1636 | D:2      | Found a faded altar of an unknown god.
  1701 | D:2      | Gained mutation: When seriously injured, your blood forms
                  | armour. (AC +6) [demonic ancestry]
  1701 | D:2      | Reached XP level 4. HP: 23/34 MP: 7/7
  1802 | D:2      | Found Miloil's Magic Scroll Shop.
  2208 | D:3      | Reached skill level 1 in Throwing
  2592 | D:3      | Found a snail-covered altar of Cheibriados.
  2596 | D:3      | Found a shimmering altar of Xom.
  2599 | D:3      | Found an opulent altar of Gozag.
  2734 | D:4      | Noticed Menkaure
  2741 | D:4      | Slain by Menkaure

Illustrated notes

Levels and vault maps discovered:
D:1:      psy_arrival_whirlpool, layout_basic, minmay_pentomino_u2
D:2:      layout_basic, serial_shops, shop,
          shapermc_ecumenical_altar_mp_vishouse
D:3:      layout_rooms, grunt_temple_overflow_diamond
D:4:      layout_cave_pools, grunt_temple_overflow_lords_of_destruction,
          mainiacjoe_overflow_brackets, uniq_menkaure, uniq_sigmund

Skill      XL: |  1  2  3  4 |
---------------+-------------+-----
Fighting       | 1 2 3 |  3.0
Dodging        | 1 |  1.0
Stealth        | 1 |  1.0
Throwing       | 1 |  1.0
Armour         | |  1.0
Spellcasting   | |  2.4
Conjurations   | |  2.0
Hexes          | |  3.0
Evocations     | |  2.0

Action                     |  1- 3 |  4- 6 || total
---------------------------+-------+-------++-------
  Melee: Club              |    15 |       ||    15
         Falchion          |    87 |       ||    87
         Punch             |     2 |     2 ||     4
         Long sword        |    48 |    11 ||    59
         Quarterstaff      |       |    29 ||    29
         Dagger            |       |    26 ||    26
  Throw: Stone             |       |     4 ||     4
    Use: Potion            |     1 |       ||     1
 Armour: Scale mail        |   134 |    57 ||   191
  Dodge: Dodged            |    59 |    35 ||    94
  Block: Other             |     4 |    20 ||    24
         Reflection        |       |     1 ||     1

Table legend: (Time is in decaauts)
 A = Elapsed time spent in this place.
 B = Non-inter-level travel time spent in this place.
 C = Inter-level travel time spent in this place.
 D = Time resting spent in this place.
 E = Time spent auto-exploring this place.
 F = Levels seen in this place.
 G = Mean time per level.
                   A        B        C        D        E       F      G
               +--------+--------+--------+--------+--------+-----+--------+
         Total |   2801 |   2616 |    185 |    366 |   1504 |   4 |  700.2 |
       Dungeon |   2801 |   2616 |    185 |    366 |   1504 |   4 |  700.2 |
               +--------+--------+--------+--------+--------+-----+--------+

Top non-repeatable levels by time:
     D:2: 1141 daAuts
     D:1: 1021 daAuts
     D:3: 619 daAuts
     D:4: 18 daAuts
